 Dungeon Crawl Stone Soup version 0.29-a0-330-g52719c12eb (webtiles) character file.

Game seed: 10986936387167133221

24054 kae the Arsonist (level 12, -6/106 HPs)
             Began as a Demigod Fire Elementalist on Apr 19, 2022.
             Succumbed to a black mamba's poison
             ... on level 5 of the Lair of Beasts.
             The game lasted 00:18:14 (25826 turns).

kae the Arsonist (Demigod Fire Elementalist)       Turns: 25826, Time: 00:18:15

Health: -6/106     AC:  7    Str:  9    XL:     12   Next: 43%
Magic:  20/26      EV: 16    Int: 33    God:
Gold:   1425       SH:  0    Dex: 20    Spells: 12/25 levels left

rFire   + + .      SeeInvis .   K - staff of fire
rCold   . . .      Faith    .   (no shield)
rNeg    . . .      Spirit   .   y - +2 leather armour {rF+}
rPois   .          Reflect  .   (no helmet)
rElec   .          Harm     .   g - scarf {repulsion}
rCorr   .          Rampage  .   E - +0 pair of gloves
Will    +....                   (no boots)
Stlth   ++........              (no amulet)
HPRegen 0.27/turn               J - +6 ring of dexterity
MPRegen 0.20/turn               H - ring of wizardry

@: lethally poisoned (-6 -> -32), slowed, repel missiles, very slow
A: high MP 1, forlorn, divine attributes
a: no special abilities


You were on level 5 of the Lair of Beasts.
You visited 2 branches of the dungeon, and saw 15 of its levels.

You collected 1425 gold pieces.

Inventory:

Hand Weapons
 d - a +0 mace
 x - a +2 spectral club
Missiles
 a - 3 throwing nets
Armour
 g - a scarf of repulsion (worn)
 y - a +2 leather armour of fire resistance (worn)
 D - +0 steam dragon scales
 E - a +0 pair of gloves (worn)
Magical Staves
 K - a staff of fire (weapon)
Jewellery
 H - a ring of wizardry (right hand)
 J - a +6 ring of dexterity (left hand)
 L - a +6 ring of strength
Wands
 n - a wand of acid (15)
 q - a wand of mindburst (16)
 t - a wand of polymorph (4)
 v - a wand of digging (1)
 w - a wand of flame (25)
 z - a wand of iceblast (12)
 F - a wand of paralysis (5)
Scrolls
 b - 2 scrolls of enchant weapon
 m - 2 scrolls of magic mapping
 o - a scroll of amnesia
 A - 8 scrolls of identify
 B - a scroll of silence
 C - 2 scrolls of enchant armour
 I - 2 scrolls of teleportation
Potions
 c - a potion of heal wounds
 e - 2 potions of degeneration
 f - 5 potions of cancellation
 h - 3 potions of lignification
 i - 2 potions of mutation
 j - 9 potions of curing
 k - 2 potions of haste
 l - 2 potions of resistance
 p - 2 potions of flight
 r - 2 potions of brilliance
 s - 3 potions of attraction
 u - 2 potions of might
 G - a potion of invisibility
Miscellaneous
 N - a condenser vane


   Skills:
 + Level 9.9 Fighting
 + Level 6.4 Armour
 + Level 6.8 Dodging
 - Level 1.7 Stealth
 - Level 7.0 Spellcasting
 - Level 7.4 Conjurations
 - Level 10.9 Fire Magic


You had 12 spell levels left.
You knew the following spells:

 Your Spells              Type           Power      Damage    Failure   Level
a - Foxfire               Conj/Fire      100%       2x1d9     1%          1
b - Scorch                Fire           100%       2d10      1%          2
c - Conjure Flame         Conj/Fire      83%        6-21      1%          3
d - Inner Flame           Hex/Fire       64%        N/A       1%          3
e - Flame Wave            Conj/Fire      83%        2d14      1%          4

Your spell library contained the following spells:

 Spells                   Type           Power      Damage    Failure   Level
 Beastly Appendage        Tmut           22%        N/A       1%          1
 Freeze                   Ice            44%        1d6       1%          1
 Dazzling Flash           Conj/Hex       72%        N/A       1%          3
 Wereblood                Tmut           11%        N/A       3%          2
 Hailstorm                Conj/Ice       36%        3d9       4%          4
 Frozen Ramparts          Ice            22%        1d4       6%          3
 Ozocubu's Armour         Ice            11%        N/A       6%          3
 Portal Projectile        Hex/Tloc       22%        N/A       6%          3
 Spider Form              Tmut/Pois      11%        N/A       6%          3
 Ice Form                 Ice/Tmut       11%        N/A       21%         4
 Passage of Golubria      Tloc           11%        N/A       21%         4
 Agony                    Necr           11%        N/A       45%         5
 Blade Hands              Tmut           5%         N/A       45%         5
 Excruciating Wounds      Necr           5%         N/A       45%         5
 Silence                  Hex/Air        5%         N/A       45%         5
 Simulacrum               Ice/Necr       5%         N/A       95%         6
 Ozocubu's Refrigeration  Ice            5%         4d6       100%        7
 Lehudib's Crystal Spear  Conj/Erth      18%        10d5      100%        8


Dungeon Overview and Level Annotations

Branches:
Dungeon (10/15)            Temple (0/1) D:5            Lair (5/6) D:10
 Shoals (0/4) Lair:2       Spider (0/4) Lair:3          Orc (0/2) D:9
  Slime: Lair:5-6

Shops:
D:7 =(   D:10 (

Annotations:
D:9 Harold
Lair:5 Rupert


Innate Abilities, Weirdness & Mutations

You have an increased reservoir of magic. (+10% MP)
You shall have no god before yourself.
Your divine heritage dramatically boosts your attributes as you level up.


Message History

A nearby plant withers and dies.
The yak gores you but does no damage.
A wave of flame ripples out!
The flame wave engulfs the yak!
The yak is severely wounded.
The flame wave engulfs the yak!!
You kill the yak!
The flame wave engulfs the death yak but does no damage.
The death yak is lightly wounded.
The flame wave engulfs the torpor snail!
The torpor snail is lightly wounded.
The flame wave engulfs the blink frog!
The blink frog is moderately wounded.
The flame wave engulfs the yak!
The yak is heavily wounded.
You finish channelling waves of flame.
You hear a croak.
The yak gores you! The death yak gores you!
The blink frog blinks! x3
The black mamba bites you.
You are poisoned.
The black mamba poisons you!
The black mamba bites you but does no damage.
The yak closely misses you.
The blink frog hits you but does no damage.
The yak attacks as you move away! The yak gores you!
You feel extremely sick. The black mamba closely misses you.
The black mamba bites you! The blink frog hits you!
* * * LOW HITPOINT WARNING * * *
The blink frog blinks!
The black mamba barely misses you. The yak gores you!
* * * LOW HITPOINT WARNING * * *
The yak attacks as you move away! The yak gores you.
* * * LOW HITPOINT WARNING * * *
x2 You feel very sick.
The black mamba barely misses you. The blink frog hits you.
* * * LOW HITPOINT WARNING * * *
The black mamba bites you!
* * * LOW HITPOINT WARNING * * *
You are more poisoned.
The black mamba poisons you!
There is a stone staircase leading up here.
You die...

.. .... .#......
.#...... . .....#
. ##. ..... ..
##.##..#
...###...P.####
......F@......###
...#..YS#F..P....
##.#.....#.......
......Yw†##......
#......Y#.#......
..####.F.##.#.....
# #.F.)≈.......
####.#.≈≈≈≈....
#P.....≈≈≈≈≈≈..


You could see a death yak, a torpor snail, a black mamba, 2 yaks and 4 blink
frogs.

Vanquished Creatures
  5 hydras
  Nergalle (D:10)
  A fire crab (Lair:3)
  Pikel (D:8)
  A black mamba (Lair:2)
  4 cane toads
  5 elephants (Lair:5)
  An unseen horror (D:6)
  2 komodo dragons
  A rime drake (Lair:2)
  A polar bear (Lair:3)
  9 blink frogs
  Prince Ribbit (D:8)
  21 yaks
  2 shadows
  7 basilisks
  A wraith (D:9)
  2 wyverns (Lair:4)
  4 steam dragons
  4 vampire mosquitoes (D:10)
  9 water moccasins
  2 sky beasts
  A swamp drake (D:7)
  An ice beast (D:7)
  3 orc warriors
  4 black bears
  4 ogres
  9 wolves
  12 centaurs
  2 lemures (D:8)
  A phantom (D:6)
  16 bullfrogs
  A kobold brigand (D:9)
  5 scorpions
  A gnoll sergeant (D:7)
  2 necrophages
  8 wights
  4 electric eels
  4 howler monkeys
  A jelly (D:5)
  6 orc priests
  2 hounds
  12 iguanas
  6 hell rats (Lair:2)
  8 orc wizards
  Ijyb (D:3)
  8 gnolls
  5 adders
  A shadow imp (D:6)
  A white imp (D:5)
  A worm (D:2)
  5 dart slugs
  37 orcs
  8 ball pythons
  5 endoplasms
  A giant cockroach (D:1)
  4 goblins
  4 hobgoblins
  10 jackals
  8 kobolds
  3 quokkas
  6 bats
  4 frilled lizards
  2 rats
312 creatures vanquished.

Vanquished Creatures (collateral kills)
  9 foxfires
9 creatures vanquished.

Vanquished Creatures (others)
  902 foxfires
  25 fungi
  54 plants
981 creatures vanquished.

Grand Total: 1302 creatures vanquished

Notes
Turn   | Place    | Note
-------+----------+-------------------------------------------
     0 | D:1      | kae the Demigod Fire Elementalist began the quest for the
                  | Orb.
     0 | D:1      | Reached XP level 1. HP: 14/14 MP: 5/5
     3 | D:1      | Noticed an electric eel
     4 | D:1      | Noticed an electric eel
   129 | D:1      | Reached skill level 1 in Conjurations
   338 | D:1      | Reached skill level 3 in Fire Magic
   338 | D:1      | Reached XP level 2. HP: 10/22 MP: 1/7
   522 | D:1      | Learned a level 2 spell: Scorch
  1457 | D:2      | Reached skill level 1 in Fighting
  1459 | D:2      | Reached XP level 3. HP: 13/28 MP: 1/8
  1463 | D:2      | Learned a level 3 spell: Conjure Flame
  2338 | D:2      | Found the +4 dagger "Morg" {pain, Will+ Int+5}
  2888 | D:3      | You fall into a shaft and drop 3 floors!
  2896 | D:5      | Entered Level 5 of the Dungeon
  2904 | D:5      | Reached XP level 4. HP: 35/35 MP: 3/10
  2991 | D:5      | Noticed a necrophage
  3012 | D:5      | Killed a necrophage
  3136 | D:5      | Reached skill level 4 in Fire Magic
  3136 | D:5      | Reached XP level 5. HP: 41/41 MP: 8/11
  3666 | D:3      | Noticed Ijyb
  3677 | D:3      | Killed Ijyb
  3900 | D:3      | Learned a level 3 spell: Inner Flame
  4564 | D:4      | Reached XP level 6. HP: 37/48 MP: 8/13
  4887 | D:4      | Found the +6 shillelagh "Devastator" {shatter}
  5703 | D:5      | Reached skill level 5 in Fire Magic
  6016 | D:5      | Reached XP level 7. HP: 50/56 MP: 5/15
  6136 | D:5      | Found a staircase to the Ecumenical Temple.
  7031 | D:6      | Reached skill level 6 in Fire Magic
  7114 | D:6      | Killed an unseen horror
  7115 | D:6      | Reached XP level 8. HP: 20/66 MP: 6/17
  7496 | D:6      | Reached skill level 7 in Fire Magic
  8738 | D:6      | Reached skill level 5 in Conjurations
  8738 | D:6      | Reached XP level 9. HP: 73/73 MP: 13/20
  8860 | D:6      | Reached skill level 5 in Fighting
  8991 | D:6      | Reached skill level 5 in Spellcasting
  9220 | D:7      | Found Uddulenu's Jewellery Boutique.
  9295 | D:7      | Found Labri's Antique Weapon Shop.
  9348 | D:7      | Reached skill level 8 in Fire Magic
  9901 | D:7      | Noticed a four-headed hydra
 10066 | D:7      | Killed a four-headed hydra
 10788 | D:7      | Reached skill level 9 in Fire Magic
 10794 | D:7      | Learned a level 4 spell: Flame Wave
 11688 | D:8      | Reached XP level 10. HP: 72/83 MP: 12/22
 11797 | D:8      | Noticed Prince Ribbit
 12338 | D:8      | Killed Prince Ribbit
 12687 | D:8      | Noticed Pikel
 13326 | D:8      | Killed Pikel
 14140 | D:9      | Found a staircase to the Orcish Mines.
 14229 | D:9      | Reached skill level 10 in Fire Magic
 14966 | D:9      | Noticed a deep elf pyromancer
 15840 | D:10     | Entered Level 10 of the Dungeon
 15851 | D:10     | Found a staircase to the Lair.
 16026 | D:10     | Noticed a four-headed hydra
 16043 | D:10     | Killed a four-headed hydra
 16197 | D:10     | Found Edawodimi's Antique Weapon Boutique.
 16688 | D:10     | Noticed a four-headed hydra
 17048 | D:10     | Reached XP level 11. HP: 80/92 MP: 14/25
 17333 | D:10     | Noticed Harold
 17337 | D:10     | Noticed Nergalle
 18189 | D:10     | Killed Nergalle
 18504 | D:10     | Killed a four-headed hydra
 18594 | Lair:1   | Entered Level 1 of the Lair of Beasts
 18696 | Lair:1   | Reached skill level 1 in Armour
 20336 | Lair:2   | HP: 2/84 [poisoned by a black mamba]
 20982 | Lair:2   | Found a staircase to the Shoals.
 22753 | Lair:3   | Noticed a fire crab
 22893 | Lair:3   | Killed a fire crab
 22894 | Lair:3   | Reached skill level 5 in Dodging
 23045 | Lair:3   | Found a hole to the Spider Nest.
 23068 | Lair:3   | Noticed a five-headed hydra
 23116 | Lair:3   | Killed a five-headed hydra
 23324 | Lair:3   | Reached XP level 12. HP: 96/104 MP: 13/26
 23651 | Lair:4   | Reached skill level 5 in Armour
 24254 | Lair:4   | Noticed a four-headed hydra
 24264 | Lair:4   | Killed a four-headed hydra
 25430 | Lair:5   | Noticed Rupert
 25825 | Lair:5   | HP: 2/106 [black mamba (7)]
 25826 | Lair:5   | Succumbed to a black mamba's poison

Illustrated notes

Levels and vault maps discovered:
D:1:      arrival_aquarium_b, layout_basic, hellmonk_ecumenical_altar_zigzags,
          st_stairs_1
D:2:      layout_basic
D:3:      layout_basic, lemuel_doored_altar, mainiacjoe_overflow_two_lobes,
          uniq_ijyb
D:4:      layout_basic, minivault_14
D:5:      layout_cave_pods, general_overflow_altar, temple_hall
D:6:      minmay_polygon_palace, layout_basic
D:7:      layout_loops_corners, nicolae_overflow_hidden_temple,
          mainiacjoe_overflow_divided_tiny, serial_shops, kennysheep_mini_moat,
          shop
D:8:      layout_loops_ring, mainiacjoe_overflow_24_doors, minmay_manual_mares,
          uniq_prince_ribbit1, uniq_pikel
D:9:      layout_stronghold, gammafunk_temple_overflow_wave, orc_0_dummy
D:10:     cheibrodos_steamvent, layout_irregular_city,
          mainiacjoe_overflow_catwalk, lair_entry_dummy, serial_shops, shop,
          uniq_harold, uniq_nergalle
Lair:1:   layout_cave_pods, nicolae_volcano_entry_hallway, lemuel_fruit_tree
Lair:2:   layout_loops_ring, minmay_shoals_entry_centaurs, serial_bayou_lagoon_b
Lair:3:   layout_chaotic_city, dummy_spider_entry
Lair:4:   layout_concentric_octagons
Lair:5:   layout_loops_ring, minmay_slime_entry_oklob_enclosed,
          infiniplex_staircase_pool, uniq_rupert

Skill      XL: |  1  2  3  4  5  6  7  8  9 10 11 12 |
---------------+-------------------------------------+-----
Conjurations   | 1 2 3 4 5 6 7 |  7.4
Fire Magic     | 3 4 5 6 7 9 10 | 10.9
Spellcasting   | 2 3 4 5 6 7 |  7.0
Fighting       | 1 2 3 4 6 7 9 |  9.9
Dodging        | 5 6 |  6.8
Armour         | 4 6 |  6.4
Stealth        | |  1.7

Action                   |  1- 3 |  4- 6 |  7- 9 | 10-12 || total
-------------------------+-------+-------+-------+-------++-------
Melee: Mace              |    21 |       |       |       ||    21
       Club              |       |     3 |    21 |    78 ||   102
       Punch             |       |       |       |     1 ||     1
       Staff             |       |       |       |     6 ||     6
 Cast: Foxfire           |    95 |    72 |   156 |   221 ||   544
       Scorch            |    15 |    33 |    73 |    94 ||   215
       Inner Flame       |       |     1 |     4 |     3 ||     8
       Conjure Flame     |       |       |     8 |    22 ||    30
       Flame Wave        |       |       |       |    49 ||    49
Evoke: Wand              |       |       |     3 |     9 ||    12
  Use: Scroll            |     2 |    14 |     8 |     9 ||    33
       Potion            |       |     5 |     5 |     8 ||    18
Armor: Robe              |    20 |       |       |       ||    20
       Leather armour    |     1 |    12 |    36 |   116 ||   165
Dodge: Dodged            |    51 |    28 |    81 |   322 ||   482
       Repelled          |       |     1 |     2 |     3 ||     6

Table legend: (Time is in decaauts)
 A = Elapsed time spent in this place.
 B = Non-inter-level travel time spent in this place.
 C = Inter-level travel time spent in this place.
 D = Time resting spent in this place.
 E = Time spent auto-exploring this place.
 F = Levels seen in this place.
 G = Mean time per level.
                   A        B        C        D        E       F      G
               +--------+--------+--------+--------+--------+-----+--------+
         Total |  25901 |  25097 |    804 |   3833 |  17908 |  15 | 1726.7 |
       Dungeon |  18643 |  18067 |    576 |   3016 |  12541 |  10 | 1864.3 |
          Lair |   7258 |   7031 |    227 |    817 |   5367 |   5 | 1451.6 |
               +--------+--------+--------+--------+--------+-----+--------+

Top non-repeatable levels by time:
     D:6: 2645 daAuts
     D:7: 2588 daAuts
    D:10: 2273 daAuts
     D:9: 2183 daAuts
     D:8: 2077 daAuts
  Lair:4: 2027 daAuts
  Lair:2: 1985 daAuts
     D:4: 1666 daAuts
  Lair:1: 1574 daAuts
  Lair:3: 1494 daAuts
     D:1: 1447 daAuts
     D:5: 1430 daAuts
     D:2: 1300 daAuts
     D:3: 1030 daAuts
  Lair:5: 176 daAuts
